 Dungeon Crawl Stone Soup version 0.19.5 (webtiles) character file.

51 Monsterracer the Slasher (level 4, -1/35 HPs)
             Began as a Formicid Abyssal Knight on Apr 18, 2017.
             Was a Believer of Lugonu.
             Succumbed to a scorpion's poison
             ... on level 2 of the Dungeon.
             The game lasted 00:03:50 (1485 turns).

Monsterracer the Slasher (Formicid Abyssal Knight)  Turns: 1485, Time: 00:03:51

Health: -1/35      AC:  6    Str: 16    XL:     4   Next: 7%
Magic:  5/5        EV:  9    Int: 12    God:    Lugonu [**....]
Gold:   73         SH:  0    Dex: 11    Spells: 0 memorised, 3 levels left

rFire  . . .     SeeInvis +     a - +1 falchion
rCold  . . .     Gourm    .     f - +0 scale mail
rNeg   . . .     Faith    .     (no shield)
rPois  .         Spirit   .     (helmet unavailable)
rElec  .         Reflect  .     (no cloak)
rCorr  .         Harm     .     (no gloves)
MR     .....                    (no boots)
Stlth  ..........               (no amulet)
                                (no ring)
                                (no ring)

@: lethally poisoned (-1 -> -43)
A: permanent stasis, dig shafts and tunnels, four strong arms, antennae 3
a: Dig, Shaft Self, Depart the Abyss, Bend Space, Renounce Religion


You were on level 2 of the Dungeon.
You worshipped Lugonu.
Lugonu was pleased with you.
You were not hungry.

You visited 1 branch of the dungeon, and saw 2 of its levels.
You visited the Abyss 1 time.

You collected 73 gold pieces.

Inventory:

Hand Weapons
 a - a +1 falchion (weapon)
Armour
 b - a +0 leather armour
 f - a +0 scale mail (worn)
Scrolls
 d - 2 scrolls of teleportation {unknown}
 e - 6 scrolls of identify {unknown}
 h - a scroll of blinking {unknown}
 i - a scroll of immolation {unknown}
 j - a scroll of enchant armour {unknown}
Potions
 g - a potion of agility
 k - 2 potions of curing
Comestibles
 c - a bread ration
 l - a chunk of flesh


   Skills:
 - Level 3.2 Fighting
 * Level 4.0 Long Blades
 - Level 2.1 Armour
 - Level 1.0 Dodging
 - Level 2.1 Invocations


You had 3 spell levels left.
You didn't know any spells.

Dungeon Overview and Level Annotations

Branches:
Dungeon (2/15)

Altars:
Makhleb


Innate Abilities, Weirdness & Mutations

You are under a permanent stasis effect.
You can dig through walls and to a lower floor.
Your four strong arms can wield two-handed weapons with a shield.
You have a pair of large antennae on your head. (SInv)


Message History

* * * LOW HITPOINT WARNING * * *
You are too injured to fight recklessly!
You are too injured to fight recklessly!
You are too injured to fight recklessly!
Unknown command.
Unknown command.
Unknown command.
* * * LOW HITPOINT WARNING * * *
You feel sick. The scorpion stings you.
* * * LOW HITPOINT WARNING * * *
You are more poisoned.
The scorpion poisons you!
You are too injured to fight recklessly!
You are too injured to fight recklessly!
* * * LOW HITPOINT WARNING * * *
You feel sick. The scorpion stings you.
* * * LOW HITPOINT WARNING * * *
You are more poisoned.
The scorpion poisons you!
You die...

#........########...####
#..............#8...8#
##########..........#+#.##...##
..........#####+##### #...#
..........# ... #...#
..........# #.# 8...8
....####### #.# ##...# †..†#
#s#######. ....# #.@.......
....# # #..####### ....# #.
#..# ....# #.##..# ....#
#.....# ....# #####...####
....# ##............ ....#
#......####..# ....# #..#######
.#


You could see a scorpion.

Vanquished Creatures
  An adder (D:2)
  A worm (D:2)
  5 giant cockroaches
  5 hobgoblins
  4 jackals (D:2)
  3 kobolds
  A ball python (D:1)
  5 bats
  A frilled lizard (D:2)
  3 goblins
  10 rats
39 creatures vanquished.

Notes
Turn   | Place    | Note
-------+----------+-------------------------------------------
     0 | Abyss:1  | Monsterracer the Formicid Abyssal Knight began the quest for the Orb.
     0 | Abyss:1  | Reached XP level 1. HP: 18/18 MP: 2/2
    17 | D:1      | Escaped the Abyss
   417 | D:1      | Reached skill level 1 in Dodging
   417 | D:1      | Reached XP level 2. HP: 24/24 MP: 3/3
   599 | D:1      | Reached skill level 3 in Long Blades
   959 | D:1      | Reached ** piety under Lugonu
   959 | D:1      | Reached XP level 3. HP: 27/29 MP: 4/4
  1372 | D:2      | Reached XP level 4. HP: 29/35 MP: 5/5
  1401 | D:2      | Reached skill level 4 in Long Blades
  1409 | D:2      | Found a burning altar of Makhleb.
  1485 | D:2      | Succumbed to a scorpion's poison

Skill      XL: |  1  2  3  4 |
---------------+-------------+-----
Dodging        | 1 |  1.0
Long Blades    | 3 4 |  4.0
Fighting       | |  3.2
Armour         | |  2.1
Invocations    | |  2.1

Action                   |  1- 3 |  4- 6 || total
-------------------------+-------+-------++-------
Melee: Falchion          |   105 |    18 ||   123
  Use: Potion            |     6 |       ||     6
  Eat: Chunk             |     1 |     1 ||     2
Armor: Leather armour    |     4 |       ||     4
       Scale mail        |    41 |     4 ||    45
Dodge: Dodged            |    48 |     7 ||    55
       Rpst.: Falchion   |    19 |     3 ||    22
